 Dungeon Sprint DCSS version 0.21.2 (webtiles) character file.

9300000 Fang the Axe Maniac (level 27, -13/249 HPs)
             Began as a Demonspawn Gladiator on Oct 16, 2018.
             Was the Champion of Makhleb.
             Mangled by a meat berserker
             ... wielding a +9 battleaxe
              (34 damage)
             ... in the Dungeon (Sprint VIII: "Arena of Blood").
             The game lasted 00:03:43 (93 turns).

Fang the Axe Maniac (Demonspawn Gladiator)            Turns: 93, Time: 00:03:44

Health: -13/249    AC:  8    Str: 25    XL:     27
Magic:  0/54       EV: 36    Int: 11    God:    Makhleb [******]
Gold:   0          SH:  0    Dex: 22    Spells: 80/80 levels left

rFire    + . .     SeeInvis .   l - +โˆž Axe of Woe
rCold    . . .     Gourm    .   (shield currently unavailable)
rNeg     . . .     Faith    .   b - +0 leather armour
rPois    .         Spirit   +   c - +0 helmet
rElec    .         Reflect  .   (no cloak)
rCorr    .         Harm     .   (no gloves)
MR       ++...     NoTele   +   (boots unavailable)
Stlth    ++++++++++             (no amulet)
HPRegen  0.51/turn              (no ring)
MPRegen  0.68/turn              (no ring)

@: no status effects
A: hooves 3, thin skeletal structure 3, fire resistance 1, hurl damnation, foul
stench 2, magic shield, magic regeneration, magic link, rot immunity, flame
cloud immunity
a: Hurl Damnation, Minor Destruction, Lesser Servant of Makhleb, Major
Destruction, Greater Servant of Makhleb, Renounce Religion


You were in the Dungeon.
You worshipped Makhleb.
Makhleb was exalted by your worship.
You were not hungry.

You visited 1 branch

Inventory:

Hand Weapons
 a - a +0 war axe
 l - the +โˆž Axe of Woe (weapon)
   (You found it in the Dungeon)
Missiles
 d - 3 throwing nets (quivered)
Armour
 b - a +0 leather armour (worn)
 c - a +0 helmet (worn)
Scrolls
 k - a scroll of blinking
Potions
 e - a potion of curing
 g - a potion of heal wounds
 h - a potion of haste
 i - 2 potions of magic
 j - a potion of berserk rage
Comestibles
 f - a ration


   Skills:
 O Level 27 Fighting
 O Level 27 Axes
 O Level 27 Throwing
 O Level 27 Armour
 O Level 27 Dodging
 O Level 27 Stealth
 O Level 27 Unarmed Combat
 O Level 27 Spellcasting
 O Level 27 Invocations


You had 80 spell levels left.
You didn't know any spells.

Dungeon Overview and Level Annotations

Branches:
Dungeon (1/1)

Altars:
Makhleb


Innate Abilities, Weirdness & Mutations

You have hooves in place of feet.
You have an unnaturally thin skeletal structure. (Dex +6, Stealth++)
Your flesh is heat resistant. (rF+)
You can hurl damnation.
You frequently emit foul miasma when damaged in melee.
When hurt, damage is shared between your health and your magic reserves.
You regenerate magic rapidly.
When low on magic, you restore magic in place of health.
You are immune to rotting.
You are immune to clouds of flame.


Message History

a +9 battleaxe; a +30 ring of slaying Unknown command.
You hit the meat beast but do no damage.
You pulverise the meat beast into a thin bloody mist.
You kill the meat beast!
Makhleb accepts your kill.
You feel better.
You hear a shout! x2
The dread throws damnation at you.
The sphere of damnation explodes!
The damnation engulfs you!
* * * LOW HITPOINT WARNING * * *
You hear a shout!
The dread calls on the powers of darkness!
Your body is wracked with pain!
* * * LOW HITPOINT WARNING * * *
You hear a shout!
You don't have enough health at the moment.
You hear a shout! x5
The meat berserker hits you with a +9 battleaxe!!
You die...

.{.........
..D........ .
....%.%.W. ..
#..o...%# ... .
#.......# ....
..###....)..###.....
......###))))%.....
......_))ยง))......
...#..O@)#)).....#
#_%O)_#........
#%...)#......#.
.....D_...........
......###.........#
..###o%. .%.###.....
. #... ..%# .....
#O.. ...# ........%


You could see an eight-headed meat hydra, a dread, 3 meat berserkers and a bag
of meat.

Vanquished Creatures
  Sigmund (D)
  8 hell beasts (D)
  4 wraiths (D)
  21 vampire knights (D)
  26 ogres (D)
  6 two-headed ogres (D)
  5 liches (D)
  50 orcs (D)
  2 phantoms (D)
  4 skeletal warriors (D)
  7 large abominations (D)
  A small abomination (D)
  6 crawling corpses (D)
141 creatures vanquished.

Notes
Turn   | Place    | Note
-------+----------+-------------------------------------------
     0 | D        | Found the +โˆž Axe of Woe
     0 | D        | Fang the Demonspawn Gladiator began the quest for the Orb.
     0 | D        | Reached XP level 1. HP: 16/16 MP: 1/1
     3 | D        | Noticed a bag of meat
     4 | D        | Became a worshipper of Makhleb the Destroyer
     7 | D        | Noticed a bag of meat
     8 | D        | Noticed a bag of meat
    13 | D        | Noticed a meat berserker
    14 | D        | Noticed a meat berserker
    16 | D        | Killed a bag of meat
    16 | D        | Reached skill level 10 in Fighting
    16 | D        | Gained mutation: You are immune to rotting. [demonic ancestry]
    16 | D        | Reached XP level 2. HP: 36/36 MP: 2/2
    16 | D        | Gained mutation: You have large cloven feet. [demonic ancestry]
    16 | D        | Reached XP level 3. HP: 42/42 MP: 3/3
    16 | D        | Reached XP level 4. HP: 48/48 MP: 4/4
    16 | D        | Gained mutation: When hurt, damage is shared between your health and your magic reserves. [demonic ancestry]
    16 | D        | Reached XP level 5. HP: 54/54 MP: 5/5
    16 | D        | Reached XP level 6. HP: 61/61 MP: 6/6
    16 | D        | Reached XP level 7. HP: 67/67 MP: 7/7
    16 | D        | Gained mutation: You have a somewhat thin skeletal structure. (Dex +2, Stealth) [demonic ancestry]
    16 | D        | Reached XP level 8. HP: 73/73 MP: 8/8
    16 | D        | Reached XP level 9. HP: 79/79 MP: 9/9
    16 | D        | Gained mutation: You have a moderately thin skeletal structure. (Dex +4, Stealth+) [demonic ancestry]
    16 | D        | Reached XP level 10. HP: 86/86 MP: 10/10
    16 | D        | Reached XP level 11. HP: 92/92 MP: 11/11
    16 | D        | Killed a bag of meat
    16 | D        | Reached * piety under Makhleb
    16 | D        | Reached skill level 10 in Throwing
    16 | D        | Reached XP level 12. HP: 101/101 MP: 12/12
    17 | D        | Noticed a large bag of meat
    17 | D        | Killed a meat berserker
    17 | D        | Gained mutation: You have hoof-like feet. [demonic ancestry]
    17 | D        | Reached XP level 13. HP: 89/111 MP: 1/13
    17 | D        | Gained mutation: You have hooves in place of feet. [demonic ancestry]
    17 | D        | Reached XP level 14. HP: 95/118 MP: 1/14
    19 | D        | Killed a meat berserker
    19 | D        | Reached skill level 15 in Fighting
    19 | D        | Reached XP level 15. HP: 107/129 MP: 0/15
    21 | D        | Noticed a meat berserker
    21 | D        | Noticed a destroyer
    22 | D        | Noticed a meat berserker
    23 | D        | Noticed a meat berserker
    23 | D        | Noticed a destroyer
    23 | D        | Killed a large bag of meat
    23 | D        | Reached ** piety under Makhleb
    23 | D        | Reached skill level 5 in Armour
    24 | D        | Noticed a meat berserker
    24 | D        | Noticed a meat berserker
    24 | D        | Killed a destroyer
    24 | D        | Reached skill level 27 in Axes
    24 | D        | Reached XP level 16. HP: 146/146 MP: 0/16
    25 | D        | Noticed a meat berserker
    25 | D        | Killed a meat berserker
    25 | D        | Reached skill level 27 in Dodging
    25 | D        | Reached XP level 17. HP: 162/162 MP: 1/17
    25 | D        | Reached *** piety under Makhleb
    25 | D        | Reached skill level 10 in Armour
    25 | D        | Killed a destroyer
    25 | D        | Reached skill level 27 in Fighting
    25 | D        | Gained mutation: You regenerate magic rapidly. [demonic ancestry]
    25 | D        | Reached XP level 18. HP: 182/182 MP: 1/18
    27 | D        | Noticed a destroyer
    27 | D        | Killed a meat berserker
    28 | D        | Noticed a destroyer
    28 | D        | Reached **** piety under Makhleb
    28 | D        | Reached skill level 27 in Throwing
    28 | D        | Killed a meat berserker
    28 | D        | Gained mutation: You have an unnaturally thin skeletal structure. (Dex +6, Stealth++) [demonic ancestry]
    28 | D        | Reached XP level 19. HP: 189/189 MP: 0/19
    29 | D        | Killed a meat berserker
    29 | D        | Reached skill level 27 in Armour
    30 | D        | Noticed a destroyer
    31 | D        | Killed a meat berserker
    31 | D        | Reached ***** piety under Makhleb
    31 | D        | Gained mutation: Your flesh is heat resistant. (rF+) [demonic ancestry]
    31 | D        | Reached XP level 20. HP: 197/197 MP: 1/36
    31 | D        | Killed a meat berserker
    31 | D        | Reached skill level 15 in Unarmed Combat
    31 | D        | Reached skill level 15 in Spellcasting
    32 | D        | Noticed a large bag of meat
    33 | D        | Noticed a large bag of meat
    33 | D        | Noticed a destroyer
    33 | D        | Killed a destroyer
    33 | D        | Gained mutation: You are immune to clouds of flame. [demonic ancestry]
    33 | D        | Reached XP level 21. HP: 204/204 MP: 1/43
    34 | D        | Killed a destroyer
    34 | D        | Reached skill level 27 in Invocations
    35 | D        | Killed a destroyer
    35 | D        | Reached ****** piety under Makhleb
    35 | D        | Gained mutation: You may emit foul miasma when damaged in melee. [demonic ancestry]
    35 | D        | Reached XP level 22. HP: 212/212 MP: 2/50
    36 | D        | Reached skill level 27 in Stealth
    37 | D        | Killed a large bag of meat
    37 | D        | Reached skill level 27 in Unarmed Combat
    37 | D        | Reached skill level 27 in Spellcasting
    39 | D        | Killed a destroyer
    39 | D        | Reached XP level 23. HP: 219/219 MP: 4/54
    41 | D        | Killed a large bag of meat
    43 | D        | Gained mutation: You can hurl damnation. [demonic ancestry]
    43 | D        | Reached XP level 24. HP: 227/227 MP: 5/54
    45 | D        | Noticed a destroyer
    45 | D        | Noticed a destroyer
    45 | D        | Noticed a destroyer
    46 | D        | Noticed a destroyer
    46 | D        | Noticed a destroyer
    46 | D        | Noticed a destroyer
    47 | D        | Killed a destroyer
    47 | D        | Killed a destroyer
    48 | D        | Killed a destroyer
    48 | D        | Gained mutation: You frequently emit foul miasma when damaged in melee. [demonic ancestry]
    48 | D        | Reached XP level 25. HP: 234/234 MP: 7/54
    49 | D        | Noticed a tyrant
    50 | D        | Noticed a destroyer
    50 | D        | Noticed a large bag of meat
    52 | D        | Gained mutation: When low on magic, you restore magic in place of health. [demonic ancestry]
    52 | D        | Reached XP level 26. HP: 242/242 MP: 7/54
    53 | D        | Noticed a destroyer
    54 | D        | Noticed a tyrant
    55 | D        | Noticed a large bag of meat
    56 | D        | Noticed a destroyer
    56 | D        | Noticed a tyrant
    56 | D        | Killed a destroyer
    56 | D        | Reached XP level 27. HP: 249/249 MP: 10/54
    56 | D        | Killed a destroyer
    56 | D        | Killed a destroyer
    57 | D        | Noticed a destroyer
    57 | D        | Noticed a destroyer
    58 | D        | Killed a destroyer
    59 | D        | Noticed a destroyer
    59 | D        | Noticed a destroyer
    60 | D        | Killed a tyrant
    61 | D        | Noticed a tyrant
    61 | D        | Noticed The Captor
    62 | D        | Noticed a meat beast
    64 | D        | Noticed a destroyer
    64 | D        | Killed a destroyer
    64 | D        | Killed a large bag of meat
    64 | D        | Noticed a meat beast
    65 | D        | Noticed a large bag of meat
    66 | D        | Noticed a meat beast
    66 | D        | Noticed a destroyer
    66 | D        | Killed a tyrant
    66 | D        | Killed a large bag of meat
    66 | D        | Killed a meat beast
    68 | D        | Killed a destroyer
    68 | D        | Killed a destroyer
    68 | D        | Killed a meat beast
    68 | D        | Killed a destroyer
    68 | D        | Killed a destroyer
    69 | D        | Killed The Captor
    70 | D        | Killed a meat beast
    71 | D        | Killed a tyrant
    71 | D        | Killed a destroyer
    71 | D        | Killed a tyrant
    72 | D        | Noticed a dread
    72 | D        | Noticed a dread
    72 | D        | Noticed a meat beast
    73 | D        | Noticed a tyrant
    73 | D        | Killed a destroyer
    74 | D        | Killed a destroyer
    75 | D        | Noticed a dread
    75 | D        | Killed a meat beast
    75 | D        | Killed a large bag of meat
    79 | D        | Noticed a meat beast
    80 | D        | Noticed a dread
    81 | D        | Noticed a meat beast
    81 | D        | Killed a dread
    82 | D        | Killed a tyrant
    82 | D        | Killed a dread
    83 | D        | Killed a meat beast
    85 | D        | Noticed a dread
    85 | D        | Noticed a meat beast
    85 | D        | Noticed a meat beast
    86 | D        | Killed a dread
    86 | D        | Killed a meat beast
    88 | D        | Noticed a dread
    88 | D        | Killed a meat beast
    88 | D        | Killed a dread
    90 | D        | Noticed a meat beast
    92 | D        | Killed a meat beast
    93 | D        | Mangled by a meat berserker

Skill      XL: |  1  2  3  4  5  6  7  8  9 10 11 12 13 14 15 16 17 18 19 20 21 22 |
---------------+-------------------------------------------------------------------+-----
Fighting       | 10 11 13 15 19 22 27 | 27.0
Axes           | 16 19 22 24 27 | 27.0
Throwing       | 9 10 12 13 16 19 23 27 | 27.0
Dodging        | 16 18 21 22 26 27 | 27.0
Armour         | 3 4 6 9 12 24 27 | 27.0
Stealth        | 13 19 26 27 | 27.0
Unarmed Combat | 12 18 24 27 | 27.0
Spellcasting   | 12 18 24 27 | 27.0
Invocations    | 17 24 27 | 27.0

Action                   |  1- 3 |  4- 6 |  7- 9 | 10-12 | 13-15 | 16-18 | 19-21 | 22-24 | 25-27 || total
-------------------------+-------+-------+-------+-------+-------+-------+-------+-------+-------++-------
Melee: Executioner's axe |     1 |       |       |     1 |     3 |     3 |     6 |    12 |    36 ||    62
Armor: Leather armour    |       |       |       |       |       |       |       |       |     3 ||     3
Dodge: Dodged            |       |       |       |       |       |       |     2 |       |     6 ||     8
